[Event "DVM U20w 2021"]
[Site "Kiel"]
[Date "2022.07.23"]
[Round "1"]
[White "Hrebenshchykova, Yelyzaveta"]
[Black "Bangsa-Giesen, Citra"]
[Result "1-0"]
[ECO "C62"]
[WhiteElo "2088"]
[BlackElo "1420"]
[Annotator "TA"]
[PlyCount "133"]
[EventDate "2022.07.23"]
[EventType "team-tourn"]
[EventRounds "7"]
[EventCountry "GER"]
[SourceTitle "playchess.com"]
[Source "ChessBase"]
[SourceQuality "1"]
[TimeControl "40/5400+30:1800+30"]

1. e4 e5 2. Nf3 Nc6 3. Bb5 d6 4. d4 exd4 5. Nxd4 Bd7 6. Nc3 Nf6 7. Bxc6 Bxc6 8. Nxc6 bxc6 9. Bf4 {[%emt 0:27:12] C62: Ruy Lopez: Steinitz Defence.} Nd7 10. Qe2 {[%emt 0:07:52] [#]} Nc5 $146 (10... Be7 $11 {remains equal.}) ({Predecessor:} 10... Nb6 11. O-O-O Be7 12. e5 d5 13. Qg4 g5 14. Be3 Qd7 15. Qh5 h6 16. e6 Qxe6 {1-0 (38) Pantzar,M (2263)-Kleinert,J (1887) Reykjavik 2018}) 11. O-O {[%emt 0:05:14] White is better.} Be7 12. Be3 Nd7 13. f4 {[%emt 0:07:15] White is more active.} O-O 14. Qc4 c5 15. Rad1 c6 16. Ne2 Rb8 17. b3 Nf6 18. Bxc5 {[%emt 0:05:07] Strongly threatening e5.} d5 $1 19. exd5 cxd5 20. Bxe7 Qxe7 21. Qd3 Rfe8 22. Nd4 Ng4 23. Rf3 {[%emt 0:01:22] Against Qe3+} Rb4 (23... Nf6 $14) 24. c3 $16 Rb6 {[%emt 0:01:50] [#]} 25. h3 (25. Rg3 $142 $1 Rg6 26. Nf5 Qc5+ 27. Qd4) 25... Nf6 26. c4 dxc4 27. Qxc4 ({But not} 27. bxc4 $6 Qc5 $11) 27... Rd8 (27... Qe4 $142) 28. Rfd3 Qb7 $2 (28... Qe4 $16) 29. Nf3 $2 (29. Nf5 $18 {and the rest is easy.} Rxd3 30. Rxd3 (30. Qxd3 Re6 $16)) 29... Rxd3 30. Rxd3 h6 (30... Re6 $16 {was worth a try.} 31. Rd8+ Re8 32. Rxe8+ Nxe8) 31. Rd8+ $18 Kh7 32. Qc2+ $40 {[%emt 0:02:33][%mdl 128] Black is in trouble.} (32. Ne5 $18) 32... g6 $2 (32... Qe4 $16 33. Qxe4+ Nxe4) 33. Qc5 {[%emt 0:01:19] Intending Qf8 and mate.} g5 34. fxg5 {[%emt 0:02:11] Qf8 would kill now.} Rb5 35. Qc3 $2 (35. Qd4) 35... Ne4 $2 (35... Qb6+ $18 36. Qd4 hxg5) 36. Qh8+ Kg6 37. Qxh6+ Kf5 38. Nd4+ Ke5 39. Qh8+ (39. Qg7+ $142 f6 40. gxf6 Qxg7 41. fxg7 Nf6 42. Nxb5 a6 43. Nc7 a5 44. Rf8) 39... Kf4 40. Nxb5 (40. Ne2+ $142 Kxg5 41. Qg7+ Kf5 42. Nd4+ Kf4 43. Qg4+ Ke5 44. Qf5#) 40... Qxb5 {[%emt 0:00:16][%mdl 4096] Endgame KQR-KQN} 41. Qh4+ Ke3 42. Rd1 {[%emt 0:00:55] White threatens Re1+ and mate.} Qc5 43. Qe1+ Kf4+ 44. Kh2 {[%emt 0:00:00] Threatens to win with Qh4+.} Nxg5 45. Qg3+ Kf5 46. Qg4+ Kf6 47. Qd4+ Qxd4 48. Rxd4 {[%emt 0:00:00] KR-KN} Ke5 49. Ra4 f5 50. Rxa7 f4 51. h4 {[%emt 0:00:00] White mates.} Ne6 52. Re7 Kf6 {[%emt 0:00:00] [#]} 53. Rxe6+ $1 Kxe6 {[%emt 0:00:00] KP-KP} 54. a4 Ke5 55. a5 Ke4 56. a6 f3 57. gxf3+ Kxf3 58. a7 Kg4 59. a8=Q Kxh4 60. Qe4+ Kg5 61. Kg3 Kf6 62. Qd5 Ke7 63. Qc6 Kf7 64. Kf4 Ke7 65. Kf5 Kd8 66. Qb7 Ke8 67. Ke6 {[%emt 0:00:00] Weighted Error Value: White=0.56/Black=0.98} 1-0

[Event "DVM U20w 2021"]
[Site "Kiel"]
[Date "2022.07.23"]
[Round "1"]
[White "Peglau, Dora"]
[Black "Sickmann, Lisa"]
[Result "1-0"]
[ECO "D36"]
[WhiteElo "1920"]
[BlackElo "1672"]
[Annotator "TA"]
[PlyCount "73"]
[EventDate "2022.07.23"]
[EventType "team-tourn"]
[EventRounds "7"]
[EventCountry "GER"]
[SourceTitle "playchess.com"]
[Source "ChessBase"]
[SourceQuality "1"]
[TimeControl "40/5400+30:1800+30"]

1. d4 d5 2. c4 e6 3. Nc3 Nf6 4. cxd5 exd5 5. Bg5 Be7 6. e3 c6 7. Bd3 O-O 8. Nge2 Nbd7 9. Qc2 Re8 10. O-O Nf8 11. f3 h6 12. Bh4 Ne6 13. Rad1 b6 {[%emt 0:05:42] has lost popularity (13...Bd7).} 14. Bf2 {[%emt 0:07:12] D36: Queen's Gambit Declined: Exchange Variation: Main line (5 Bg5 c6 6 Qc2).} Bb7 15. Bf5 Bf8 16. e4 {[%emt 0:02:44] [#] White is better.} Nh5 $146 ({Predecessor:} 16... b5 17. e5 Nd7 18. Rfe1 Rc8 19. Nc1 b4 20. Na4 Ba6 21. Nb3 Bc4 22. Nbc5 Ndxc5 23. Nxc5 Bxc5 24. dxc5 {1-0 (41) Killer,O (2171)-Zielinski,S (2222) ICCF email 2009}) 17. Bxe6 Rxe6 {[%emt 0:02:22] [#]} 18. e5 $1 {[%emt 0:01:51] aiming for g4.} Qg5 19. Qd2 (19. Qd3 $16) 19... Qxd2 $11 20. Rxd2 g5 21. g4 Ng7 22. f4 $1 f5 23. gxf5 Nxf5 24. Ng3 Nh4 {[%emt 0:02:49] ...Nf3+ is the strong threat.} 25. Be3 gxf4 26. Rxf4 Ng6 ({Better is} 26... Be7 $1 $14) 27. Rg4 $16 {[%emt 0:03:06] Strongly threatening Nh5.} Bg7 (27... Kh7 $142) 28. Nh5 {[%emt 0:06:22] Black must now prevent Rdg2.} Kh7 29. Rdg2 $36 {[%emt 0:02:09][%mdl 2048] White has strong initiative. White is more active.} Rf8 $2 {[%emt 0:06:55] This move loses the game for Black.} (29... Rg8 $16 30. R2g3 Bc8) 30. Nf4 Rxf4 31. Bxf4 c5 32. Nb5 Bf8 (32... Bc8 $142 33. Be3 (33. Nxa7 Ba6 $16) 33... Bh8) 33. Nc7 $18 Rc6 {[%emt 0:01:07] [#]} (33... h5 $18 34. Nxe6 hxg4 35. Nxf8+ Nxf8) 34. e6 $1 {[%emt 0:05:18] White mates.} Nxf4 35. Rxf4 Rxc7 36. Rxf8 cxd4 37. Rf7+ {[%emt 0:00:14] Weighted Error Value: White=0.13 (very precise) /Black=0.51} 1-0

[Event "DVM U20w 2021"]
[Site "Kiel"]
[Date "2022.07.23"]
[Round "1"]
[White "Falke, Ornella"]
[Black "Muedder, Melanie"]
[Result "1/2-1/2"]
[ECO "B30"]
[WhiteElo "1912"]
[BlackElo "1865"]
[Annotator "TA"]
[PlyCount "160"]
[EventDate "2022.07.23"]
[EventType "team-tourn"]
[EventRounds "7"]
[EventCountry "GER"]
[SourceTitle "playchess.com"]
[Source "ChessBase"]
[SourceQuality "1"]
[TimeControl "40/5400+30:1800+30"]

1. e4 c5 2. Nf3 Nc6 3. Bb5 Nf6 4. e5 Nd5 5. Nc3 Nc7 6. Bxc6 dxc6 7. h3 g6 {[%emt 0:03:57] B30: Sicilian: 2...Nc6 3 Bb5, lines without ...g6.} 8. d3 Ne6 9. O-O Bg7 10. a4 a5 11. Re1 Qc7 12. b3 {[%emt 0:23:17] [#]} Bd7 $146 ({Predecessor:} 12... O-O 13. Ba3 Rd8 14. Ne4 b6 15. Qd2 h6 16. Rad1 Nd4 17. Nxd4 cxd4 18. f4 c5 {½-½ (39) Kuehnel,G (2526)-Lelievre,A (2499) ICCF corr 2002}) 13. Bb2 g5 (13... b6 $14) 14. Ne4 $16 Rg8 (14... h6 $16 {keeps fighting.}) 15. Nfxg5 $18 (15. Nexg5 h6) 15... O-O-O 16. Nxe6 $1 ({Don't play} 16. Nxf7 $6 Rdf8 $16) 16... Bxe6 17. Qf3 $2 ({Don't take} 17. Nxc5 $6 Bxh3 18. Re3 (18. Qh5 Bxg2 19. Re3 Be4 $11) 18... Bf5 $16) (17. Qh5 $18) 17... Bxe5 $14 18. Bxe5 Qxe5 19. Qe3 Qg7 20. g4 (20. g3 $14) 20... Rd5 21. Nxc5 (21. Kf1 $11 {remains equal.}) 21... Bxg4 $1 $17 22. Kh2 $2 {[%emt 0:01:22][%mdl 8192] [#]} (22. hxg4 $17 Qxg4+ 23. Kf1) 22... Qf6 $2 23. Ne4 Qh4 24. Qg3 {[%emt 0:00:18] [#]} Qxh3+ $40 {[%emt 0:01:02][%mdl 640] Black is out for blood.} 25. Qxh3 Bxh3 26. Rg1 {[%emt 0:00:47] [#]} Bg4 $1 {[%emt 0:00:50] Strongly threatening ...Rh5+.} 27. Rg3 Rg6 28. Kg2 {[%emt 0:01:04] [#]} (28. f3 $17 Rh5+ 29. Kg2) 28... Bf5 (28... f5 $1 $19 29. Nc3 Rc5) 29. Ng5 {[%emt 0:00:44] [#]} (29. Rh1 $17 {was necessary.}) 29... Bxd3 $1 $19 30. cxd3 (30. Rxd3 Rxd3) 30... Rgxg5 ({Not} 30... Rdxg5 $2 31. Rxg5 Rxg5+ 32. Kf3 $19) 31. Rxg5 Rxg5+ {[%emt 0:00:05][%mdl 4096] Endgame KR-KR} 32. Kf3 Kd7 33. Rh1 h5 34. Kf4 Rd5 35. Ke4 Ke6 36. f4 b5 37. axb5 Rxb5 38. Ra1 Kf6 39. Rc1 c5 40. Rh1 Rxb3 41. Rxh5 Rc3 42. Rh6+ Kg7 43. Ra6 c4 44. Rxa5 cxd3 (44... Rxd3 $19 {aiming for ...e6.} 45. Rg5+ Kf6) 45. Rd5 $2 (45. Rg5+ $17 Kf8 46. Rd5) 45... Kf6 $2 (45... e6 $19 {is more deadly.} 46. Rd6 Rc4+ 47. Ke3 Kf6) 46. Rf5+ $17 Ke6 47. Re5+ Kd6 ({Better is} 47... Kd7 $1 $15) 48. Rd5+ $11 Kc6 49. Rd8 Ra3 (49... Kc7 $5 50. Rd4 Kc8 $17) 50. Rd4 e6 51. f5 $1 exf5+ 52. Kxf5 Kc5 53. Ke4 (53. Rd7 $11) 53... Rc3 $2 ({Black should try} 53... f5+ $1 $19 54. Ke5 Ra5) 54. Rd5+ {[%emt 0:00:00] The position is equal.} Kb4 55. Rd4+ Kc5 56. Rd5+ Kc6 57. Rd8 {[%emt 0:00:00] Intending Rc8+ and mate.} Ra3 58. Rd4 Rb3 59. Rd8 Kc5 60. Rd5+ Kb4 61. Rxd3 Rxd3 62. Kxd3 {[%emt 0:00:00] KP-K} Kc5 63. Ke4 Kd6 {[%emt 0:00:25] ( -> ...Ke6)} 64. Kf5 Kd7 65. Kf6 Ke8 66. Kf5 Ke7 67. Ke5 f6+ 68. Kf5 Kf7 69. Kf4 Kg6 70. Kg4 f5+ 71. Kf4 Kf6 72. Kf3 Ke5 73. Ke3 f4+ 74. Kf3 Kf5 75. Kf2 Kg4 76. Kg2 f3+ 77. Kf2 Kf4 78. Kf1 Ke3 (78... Kg3 $5 79. Kg1 Kh4 $11) 79. Ke1 f2+ 80. Kf1 Kf3 {[%emt 0:00:39] Both players deserved the win here.  Weighted Error Value: White=0.54/Black=0.47} 1/2-1/2

[Event "DVM U20w 2021"]
[Site "Kiel"]
[Date "2022.07.23"]
[Round "1"]
[White "Peglau, Charis"]
[Black "Malinowsky, Celina"]
[Result "1-0"]
[ECO "E07"]
[WhiteElo "1870"]
[BlackElo "1519"]
[Annotator "NA RC COMBH"]
[PlyCount "63"]
[EventDate "2022.07.23"]
[EventType "team-tourn"]
[EventRounds "7"]
[EventCountry "GER"]
[SourceTitle "playchess.com"]
[Source "ChessBase"]
[SourceQuality "1"]
[TimeControl "40/5400+30:1800+30"]

1. d4 d5 2. c4 e6 3. Nf3 Nf6 4. g3 Nbd7 5. Bg2 Be7 6. O-O O-O 7. Nc3 Re8 8. Qc2 c6 9. b3 Nf8 10. Bb2 Qc7 11. Rac1 Ng6 12. e4 dxe4 13. Nxe4 Bd7 14. Rfd1 Rad8 15. Nc3 Bc8 16. Qb1 Qa5 17. a4 Qh5 18. Ne4 Ng4 19. h3 Nh6 20. Bc3 e5 21. g4 Nxg4 22. Ng3 Qh6 23. hxg4 Bxg4 24. Qe4 Bxf3 25. Qxf3 Nh4 26. Qg4 Bg5 27. Rb1 e4 28. Bxe4 Rxe4 29. Qxe4 Qf6 30. Rd3 Kf8 31. d5 Qh6 32. Re1 1-0

[Event "DVM U20w 2021"]
[Site "Kiel"]
[Date "2022.07.23"]
[Round "1"]
[White "Brunner, Sophia"]
[Black "Basovskiy, Jana"]
[Result "1/2-1/2"]
[ECO "D02"]
[WhiteElo "1804"]
[BlackElo "1867"]
[Annotator "NA RC COMBH"]
[PlyCount "93"]
[EventDate "2022.07.23"]
[EventType "team-tourn"]
[EventRounds "7"]
[EventCountry "GER"]
[SourceTitle "playchess.com"]
[Source "ChessBase"]
[SourceQuality "1"]
[TimeControl "40/5400+30:1800+30"]

1. d4 Nf6 2. Nf3 e6 3. g3 d5 4. Bg2 c5 5. e3 Nc6 6. O-O Be7 7. b3 cxd4 8. exd4 O-O 9. Bb2 b6 10. Nbd2 Ba6 11. Re1 Rc8 12. a3 Qc7 13. Rc1 Rfd8 14. Ne5 Na5 15. f4 Nb7 16. g4 Nd6 17. g5 Nd7 18. Bh3 Nf8 19. Qh5 g6 20. Qf3 Nf5 21. Bxf5 exf5 22. h4 f6 23. Nd3 Bb7 24. Re2 fxg5 25. hxg5 Bd6 26. Ne5 Re8 27. Qg3 Qg7 28. Ndf3 Ne6 29. Rh2 Nf8 30. Re1 Re6 31. c3 Rce8 32. Rhe2 Ba6 33. Rh2 Bb7 34. Rc2 Ba8 35. Rd2 Bb7 36. Re3 b5 37. Re1 a6 38. Rde2 Bc8 39. Qh2 Bb7 40. Qg3 Bc8 41. Ra1 Bb7 42. a4 Ra8 43. axb5 axb5 44. Rxa8 Bxa8 45. Re1 Re7 46. Ra1 Ra7 47. Qe1 1/2-1/2

[Event "DVM U20w 2021"]
[Site "Kiel"]
[Date "2022.07.23"]
[Round "1"]
[White "Grining, Maria"]
[Black "Browning, Rebecca"]
[Result "1-0"]
[ECO "D46"]
[WhiteElo "1750"]
[BlackElo "1938"]
[Annotator "TA"]
[PlyCount "79"]
[EventDate "2022.07.23"]
[EventType "team-tourn"]
[EventRounds "7"]
[EventCountry "GER"]
[SourceTitle "playchess.com"]
[Source "ChessBase"]
[SourceQuality "1"]
[TimeControl "40/5400+30:1800+30"]

1. d4 d5 2. Nf3 Nf6 3. e3 c6 4. c4 e6 5. Nbd2 Bd6 6. Bd3 Nbd7 7. e4 dxe4 8. Nxe4 Nxe4 9. Bxe4 Nf6 10. Bc2 h6 11. O-O Qc7 12. Re1 O-O 13. c5 {[%emt 0:07:41] D46: Semi-Slav: 5 e3 Nbd7 6 Bd3, Black avoids the Meran.} Bf4 14. Qd3 Rd8 15. Bxf4 {[%emt 0:06:06] White is better.} Qxf4 {[%emt 0:01:22] [#]} 16. g3 $146 ({Predecessor:} 16. Re5 g6 17. g3 Qg4 18. Kg2 Nd5 19. Qd2 g5 20. h3 Qh5 21. g4 Nf4+ 22. Qxf4 {1-0 (22) Campora,D (2453)-Dominguez Fernandez,A (1992) Mondariz 2015}) 16... Qc7 17. Ne5 b6 18. b4 a5 19. cxb6 Qxb6 20. bxa5 Rxa5 ({Black should play} 20... Qxd4 $14 21. Qa3 (21. Qxd4 Rxd4 22. Red1 c5 $11) 21... Qd6 22. Qxd6 Rxd6) 21. Rab1 $2 (21. Nc4 $18 Qc7 22. Nxa5 Qxa5 23. Re5) 21... Qc7 $11 22. Qc4 c5 {[%emt 0:00:55] Strongly threatening ...Ba6.} 23. Rbd1 $2 (23. Rbc1 $11) 23... Ba6 $17 24. Qc3 {[%emt 0:00:30][%cal Oe5c6] And now Nc6! would win.} c4 $2 {[%emt 0:00:19][%mdl 8192] [#]} ({Much worse is} 24... Rxa2 $6 25. dxc5 Nd5 26. Qd2 $11 (26. Qb3 Ra5 $11)) (24... Nd5 $17 {stays on course.} 25. Qf3 cxd4) 25. Nc6 $1 $36 {[%emt 0:01:20][%mdl 2560] White is really pushing. White is more active.} Rxa2 26. Nxd8 Nd5 $2 (26... Qxd8 $16 27. Ra1 Nd5) 27. Qd2 $18 ({Resist} 27. Nxe6 fxe6 28. Qd2 Qc6 29. Bh7+ Kxh7 30. Qxa2 Nb4 31. Qb1+ Nd3 $18) 27... Kf8 $2 {[%emt 0:06:28] [#]} (27... Qxd8 28. Bh7+ Kxh7 29. Qxa2 Qd6 30. Qc2+ g6) 28. Nxe6+ $1 fxe6 29. Rxe6 c3 {[%emt 0:00:13] [#]} 30. Qe1 $1 {[%emt 0:00:16] White threatens Re8+ and mate.} Nf6 {[%emt 0:05:34] Against Re8+} 31. Rc1 {[%emt 0:04:23] aiming for Bg6.} Bc8 32. Re3 Bh3 33. Rxc3 Qb7 34. f3 Qb6 35. Qe5 {[%emt 0:02:42] Bb3 is the strong threat.} Qb2 36. Qd6+ Kf7 37. Bb3+ $2 (37. Rc7+ {mates} Bd7 38. Rxd7+ Nxd7 39. Bg6+ Kg8 40. Rc8+ Nf8 41. Rxf8#) 37... Kg6 $11 38. Bc2+ Kf7 $1 39. Rc7+ Nd7 40. Bg6+ {[%emt 0:00:43] Weighted Error Value: White=0.38/Black=0.83} 1-0

[Event "DVM U20w 2021"]
[Site "Kiel"]
[Date "2022.07.23"]
[Round "1"]
[White "Rempe, Mieke"]
[Black "Peglau, Sarah"]
[Result "0-1"]
[ECO "B73"]
[WhiteElo "1646"]
[BlackElo "1782"]
[Annotator "NA RC COMBH"]
[PlyCount "62"]
[EventDate "2022.07.23"]
[EventType "team-tourn"]
[EventRounds "7"]
[EventCountry "GER"]
[SourceTitle "playchess.com"]
[Source "ChessBase"]
[SourceQuality "1"]
[TimeControl "40/5400+30:1800+30"]

1. e4 c5 2. Nf3 d6 3. d4 cxd4 4. Nxd4 Nf6 5. Nc3 Nc6 6. Be2 g6 7. O-O Bg7 8. Be3 O-O 9. Qd2 Bd7 10. f4 a6 11. f5 b5 12. fxg6 hxg6 13. Nxc6 Bxc6 14. Bf3 Qc7 15. Nd5 Qb7 16. Bh6 Bxh6 17. Nxf6+ Kg7 18. Nh5+ gxh5 19. Qc3+ Kg8 20. Bxh5 Bxe4 21. Rae1 f5 22. Qg3+ Kh8 23. Bf3 Rg8 24. Qh3 Rg6 25. Bxe4 fxe4 26. Re2 Rag8 27. Rf7 Qd5 28. Rf1 Qe6 29. Qc3+ Bg7 30. Qb3 Qxb3 31. cxb3 d5 0-1

[Event "DVM U20w 2021"]
[Site "Kiel"]
[Date "2022.07.23"]
[Round "1"]
[White "Albayrak, Berrak"]
[Black "Neumeier, Valentina"]
[Result "0-1"]
[ECO "C26"]
[WhiteElo "1592"]
[BlackElo "1392"]
[Annotator "NA RC COMBH"]
[PlyCount "88"]
[EventDate "2022.07.23"]
[EventType "team-tourn"]
[EventRounds "7"]
[EventCountry "GER"]
[SourceTitle "playchess.com"]
[Source "ChessBase"]
[SourceQuality "1"]
[TimeControl "40/5400+30:1800+30"]

1. e4 e5 2. Nc3 Nf6 3. g3 Bc5 4. Bg2 d6 5. h3 Nc6 6. Nge2 Bd7 7. d3 h6 8. O-O O-O 9. Kh2 Re8 10. f4 Bb6 11. f5 Ne7 12. g4 c6 13. Qe1 d5 14. Qh4 dxe4 15. dxe4 Nh7 16. Qg3 a5 17. h4 Kh8 18. Ng1 Ng8 19. Nh3 Qe7 20. g5 hxg5 21. hxg5 Bd8 22. g6 fxg6 23. fxg6 Nf8 24. Bg5 Nf6 25. Qh4+ Kg8 26. Bxf6 gxf6 27. Rf3 Qg7 28. Qf2 b5 29. a3 Ne6 30. Rd1 Nd4 31. Rfd3 Bb6 32. Qg3 Rad8 33. R3d2 Kf8 34. Ne2 Ne6 35. Rf1 Ke7 36. c3 Rg8 37. Qd3 Qxg6 38. Ng3 Nf4 39. Nxf4 exf4 40. Nf5+ Bxf5 41. exf5 Rxd3 42. Re2+ Kd7 43. fxg6 Rh8+ 44. Bh3+ {[%emt 0:00:07] Check Result:-#1} Rhxh3+ 0-1

[Event "DVM U20w 2021"]
[Site "Kiel"]
[Date "2022.07.23"]
[Round "1"]
[White "Rempe, Janne"]
[Black "Peglau, Mirjam"]
[Result "0-1"]
[ECO "A80"]
[WhiteElo "1497"]
[BlackElo "1876"]
[Annotator "NA RC COMBH"]
[PlyCount "96"]
[EventDate "2022.07.23"]
[EventType "team-tourn"]
[EventRounds "7"]
[EventCountry "GER"]
[SourceTitle "playchess.com"]
[Source "ChessBase"]
[SourceQuality "1"]
[TimeControl "40/5400+30:1800+30"]

1. d4 f5 2. Nf3 Nf6 3. Bf4 g6 4. e3 Bg7 5. c3 O-O 6. Nbd2 h6 7. h4 d6 8. Be2 Qe8 9. Nh2 e5 10. Bg3 Nc6 11. dxe5 dxe5 12. Qb3+ Kh8 13. f3 Rb8 14. O-O-O Be6 15. Qc2 a5 16. a4 Bd7 17. Bf2 Ne7 18. b3 b5 19. axb5 Bxb5 20. Bxb5 Qxb5 21. g4 fxg4 22. fxg4 Nd7 23. Ne4 Nc5 24. Nxc5 Qxc5 25. Kb2 e4 26. Ra1 Bxc3+ 27. Qxc3+ Qxc3+ 28. Kxc3 Rxf2 29. Rxa5 Re2 30. Nf1 Nc6 31. Rc5 Nb4 32. Kd4 Nc2+ 33. Kxe4 Rxb3 34. Rh2 Rxh2 35. Nxh2 Rxe3+ 36. Kf4 Re2 37. Nf3 Nb4 38. Rc4 Nd5+ 39. Kg3 Rg2+ 40. Kh3 Re2 41. Rc5 Nf4+ 42. Kg3 Ne6 43. Rc6 Kg7 44. Ng1 Re4 45. Kf3 Re1 46. Kf2 Re4 47. Kf3 Re5 48. Ne2 Rxe2 0-1

[Event "DVM U20w 2021"]
[Site "Kiel"]
[Date "2022.07.23"]
[Round "1"]
[White "Margaryan, Susanna"]
[Black "Sereda, Yaroslava"]
[Result "0-1"]
[ECO "D36"]
[WhiteElo "1436"]
[BlackElo "1781"]
[Annotator "NA RC COMBH"]
[PlyCount "94"]
[EventDate "2022.07.23"]
[EventType "team-tourn"]
[EventRounds "7"]
[EventCountry "GER"]
[SourceTitle "playchess.com"]
[Source "ChessBase"]
[SourceQuality "1"]
[TimeControl "40/5400+30:1800+30"]

1. d4 d5 2. c4 e6 3. cxd5 exd5 4. Nc3 Nf6 5. Bg5 Be7 6. Nf3 O-O 7. e3 Nbd7 8. Qc2 c6 9. Bd3 Re8 10. O-O Ne4 11. Bf4 Nef6 12. Rab1 Nf8 13. b4 a6 14. a4 g6 15. b5 axb5 16. axb5 Ne6 17. Bg3 c5 18. dxc5 Nxc5 19. Nd4 Nxd3 20. Qxd3 Ra3 21. Ra1 Qa5 22. Rxa3 Qxa3 23. Rd1 Bb4 24. Nce2 Qxd3 25. Rxd3 Bd7 26. Bh4 Ne4 27. Rb3 Ra8 28. h3 Ra1+ 29. Kh2 Bd6+ 30. Bg3 Bxg3+ 31. fxg3 Nf2 32. g4 Rh1+ 33. Kg3 Ne4+ 34. Kf4 f6 35. Ng3 g5+ 36. Kf3 Nd2+ 37. Kf2 Nxb3 38. Nxh1 Nxd4 39. exd4 Bxb5 40. Ng3 Bc4 41. Ke3 b5 42. Kd2 Kf7 43. Kc3 Ke6 44. Kb4 Bd3 45. Kc3 Be4 46. Kb4 Bxg2 47. Kxb5 Bxh3 0-1

[Event "DVM U20w 2021"]
[Site "Kiel"]
[Date "2022.07.23"]
[Round "1"]
[White "Schwarzfischer, Julia"]
[Black "Albayrak, Nese Pinar"]
[Result "0-1"]
[ECO "C54"]
[WhiteElo "1314"]
[BlackElo "1651"]
[Annotator "NA RC COMBH"]
[PlyCount "90"]
[EventDate "2022.07.23"]
[EventType "team-tourn"]
[EventRounds "7"]
[EventCountry "GER"]
[SourceTitle "playchess.com"]
[Source "ChessBase"]
[SourceQuality "1"]
[TimeControl "40/5400+30:1800+30"]

1. e4 e5 2. Nf3 Nc6 3. Bc4 Nf6 4. d3 Bc5 5. c3 a6 6. Bb3 Ba7 7. Nbd2 d6 8. Nf1 h6 9. a3 O-O 10. Ng3 Be6 11. Bc2 Re8 12. O-O d5 13. d4 Bg4 14. Qd3 exd4 15. exd5 Qxd5 16. c4 Qd6 17. b4 Bxf3 18. Qxf3 Ne5 19. Qb3 Qe6 20. Bd3 b5 21. Qc2 Nxd3 22. Qxd3 bxc4 23. Qf3 Qd5 24. Qf4 Qe5 25. Qf3 Qd5 26. Qf4 Qe5 27. Qh4 d3 28. Bf4 Bxf2+ 29. Kh1 Bxg3 30. Qxg3 Qh5 31. Bxc7 Qg4 32. Qd6 Re2 33. Rg1 Ne4 34. Qb6 Nf2+ 35. Qxf2 Rxf2 36. Bg3 Re2 37. Rgf1 Rae8 38. Rf4 Re1+ 39. Rf1 Rxa1 40. Rxa1 c3 41. Rc1 d2 42. Rg1 d1=Q 43. a4 Qxg3 44. a5 Qxg1+ 45. Kxg1 Re1# 0-1

[Event "DVM U20w 2021"]
[Site "Kiel"]
[Date "2022.07.23"]
[Round "1"]
[White "Hoffmann, Sophia"]
[Black "Wilmink, Anna"]
[Result "0-1"]
[ECO "D00"]
[WhiteElo "1214"]
[BlackElo "1692"]
[Annotator "NA RC COMBH"]
[PlyCount "62"]
[EventDate "2022.07.23"]
[EventType "team-tourn"]
[EventRounds "7"]
[EventCountry "GER"]
[SourceTitle "playchess.com"]
[Source "ChessBase"]
[SourceQuality "1"]
[TimeControl "40/5400+30:1800+30"]

1. d4 Nf6 2. Bf4 d5 3. e3 c5 4. c3 Nc6 5. Nd2 Bf5 6. Ngf3 e6 7. Be2 Be7 8. h3 Ne4 9. Nxe4 Bxe4 10. Bd3 Bxd3 11. Qxd3 Bf6 12. O-O O-O 13. Rfe1 Re8 14. dxc5 e5 15. Qb5 exf4 16. Qxb7 Na5 17. Qa6 fxe3 18. Rxe3 Rxe3 19. fxe3 Nc4 20. Kf2 Qe7 21. Re1 Qxc5 22. Nd4 Qb6 23. Qa4 Qxb2+ 24. Ne2 Qd2 25. g3 Qxe3+ 26. Kg2 Bxc3 27. Qc6 Rd8 28. Qc7 Re8 29. Rb1 Qxe2+ 30. Kg1 Bd4+ 31. Kh1 Qf3+ 0-1

[Event "DVM U20w 2021"]
[Site "Kiel"]
[Date "2022.07.23"]
[Round "1"]
[White "Weiß, Sara"]
[Black "Albayrak, Melissa"]
[Result "0-1"]
[ECO "C47"]
[WhiteElo "714"]
[BlackElo "1366"]
[Annotator "NA RC COMBH"]
[PlyCount "40"]
[EventDate "2022.07.23"]
[EventType "team-tourn"]
[EventRounds "7"]
[EventCountry "GER"]
[SourceTitle "playchess.com"]
[Source "ChessBase"]
[SourceQuality "1"]
[TimeControl "40/5400+30:1800+30"]

1. Nf3 Nc6 2. g3 Nf6 3. Bg2 e5 4. e4 Bc5 5. Nc3 O-O 6. O-O Re8 7. d3 h6 8. Be3 Bb6 9. d4 exd4 10. Nxd4 d6 11. f4 Bg4 12. Bf3 Bxf3 13. Qxf3 Nxd4 14. Qd1 Nc6 15. Re1 Nxe4 16. Ne2 Bxe3+ 17. Kg2 Qe7 18. g4 Nf2 19. Qb1 Qe4+ 20. Kg1 Qh1# 0-1

[Event "DVM U20w 2021"]
[Site "Kiel"]
[Date "2022.07.23"]
[Round "2"]
[White "Browning, Rebecca"]
[Black "Falke, Ornella"]
[Result "1/2-1/2"]
[ECO "B22"]
[WhiteElo "1938"]
[BlackElo "1912"]
[Annotator "TA"]
[PlyCount "66"]
[EventDate "2022.07.23"]
[EventType "team-tourn"]
[EventRounds "7"]
[EventCountry "GER"]
[SourceTitle "playchess.com"]
[Source "ChessBase"]
[SourceQuality "1"]
[TimeControl "40/5400+30:1800+30"]

1. e4 c5 2. c3 Nf6 3. e5 Nd5 4. d4 cxd4 5. cxd4 d6 6. exd6 e6 7. Nf3 Bxd6 8. Nc3 {[%emt 0:00:31] B22: Sicilian: 2 c3.} O-O 9. Bd3 Nc6 10. O-O h6 11. Bb1 {[%emt 0:04:22] [#]} Nf6 $146 ({Predecessor:} 11... Nce7 12. Qd3 f5 13. Re1 Nc6 14. a3 Qf6 15. Ba2 Nce7 16. Ne5 Rd8 17. Qf3 Bc7 {1-0 (50) Alomia Aldaz,F (1737)-Zambrano Acebo,J (1950) Manta 2017}) 12. a3 Ne7 13. Qc2 ({Better is} 13. Qd3 $11) 13... b6 $15 14. Ne4 {[%emt 0:00:44] White wants to mate with Nxf6+.} Ned5 (14... Nf5 $15) 15. Qc6 {[%emt 0:01:21] [#]} Nxe4 16. Qxa8 {[%emt 0:04:05] [#]} Qd7 $1 {[%emt 0:01:37] Threatens to win with ...Nef6.} 17. Bxe4 Ba6 18. Qxf8+ Kxf8 19. Rd1 Qa4 $1 20. Bd2 {[%emt 0:01:45][%cal Od2b4] [#]} Nf6 $1 21. Re1 Nxe4 22. Rxe4 Qc2 23. Ree1 {[%emt 0:00:18] [#]} Qxb2 (23... Bb7 $1 $17 {[%cal Rb7f3] White must now prevent ...Bxf3.} 24. Bb4 Bxb4 25. axb4 a6) 24. Bb4 $11 Bxb4 25. axb4 Bb7 {[%emt 0:01:48] aiming for ...Bxf3.} 26. Reb1 Qc3 27. Rxa7 Bxf3 (27... Be4 $17 28. Rd1 f6) 28. gxf3 $15 {[%emt 0:00:07][%mdl 4096] Endgame KQ-KRR} g5 29. Kg2 Qxd4 30. h3 {[%emt 0:00:42] Inhibits g4.} Kg7 31. Re1 b5 32. Rc7 Qxb4 33. Rxe6 Qf4 {[%emt 0:02:33] Weighted Error Value: White=0.16 (very precise) /Black=0.16 (very precise)} 1/2-1/2